Unix NetHack Version 5.0.0-0 post-release - last build May 31 2026 23:59:36 (970b52f25bf058293b47ddfd14a1e40e571c508c,branch:main).

Game began 2026-06-02 18:28:25, ended 2026-06-02 18:52:03.

Eymerich, chaotic male elven Priest

                                      ----
                                     --..------
                           ---       -.....|..--
                           |..       ..........|
                            -...     -.........-
                            |..... ---.........
                            |........^..G....
                            |.......!......
                            #..........G@-
                            |........f.....
                            |........+--....-
                            ---.....    G....
                              |....     .......
                              ---.-    ..........
                                --     ..=.....0..
                                       ......... ..|
                                       ...---..-  --
                                       ...|   .|
                                       -..|   --
                                       ----
Eymerich the Aspirant        St:11 Dx:9 Co:16 In:9 Wi:17 Ch:12  Chaotic
Dlvl:3  $:36 HP:0(13) Pw:9(9) AC:7  Xp:1 T:822 

Latest messages:
 t - a food ration.
 You see here 3 gold pieces.
 $ - 3 gold pieces (31 in total).
 There is an altar to The Lady (neutral) here.
 You stop.  Puffa is in the way!
 The door resists!
 The door opens.
 Pick a monster, object or location.
 The door resists!
 The door opens.
 You see here 5 gold pieces.
 $ - 5 gold pieces (36 in total).
 You swap places with Puffa.
 You descend the stairs.
 You climb up the stairs.
 You descend the stairs.
 The gnome lord picks up a scroll.
 Puffa misses the gnome.
 Puffa misses the gnome.
 Puffa misses the gnome.
 Puffa misses the gnome.
 The gnome picks up a gem.
 Puffa misses the gnome.
 Puffa bites the gnome.
 The gnome hits Puffa.
 Puffa bites the gnome.
 The gnome is killed!
 Puffa eats a gnome corpse.
 What do you want to zap? [r or ?*]
 In what direction?
 The gnome lord hits!
 The gnome wields 3 daggers!
 You are beginning to feel hungry.
 You hit the gnome lord.
 The gnome lord hits!
 The gnome suddenly disappears!
 You climb up the stairs.
 You are in full health.
 What do you want to eat? [efmt or ?*]
 This lichen corpse tastes okay.
 You finish eating the lichen corpse.
 You descend the stairs.
 The gnome lord hits!
 You hit the gnome lord.
 The gnome lord hits!
 You die...
 Do you want your possessions identified? [ynq] (y)
 Do you want to see your attributes? [ynq] (y)
 Do you want an account of creatures vanquished? [ynaq] (y)
 Do you want to see your conduct and achievements? [ynq] (y)

Inventory:
 Coins    ('$')
  $ - 36 gold pieces
 Weapons  (')')
  p - 21 +0 arrows
  o - a +0 orcish dagger
  a - a blessed +1 mace (weapon in right hand)
 Armor    ('[')
  c - a +0 small shield (being worn)
  b - a +0 robe (being worn)
 Comestibles  ('%')
  e - a clove of garlic
  t - a food ration
  f - a sprig of wolfsbane
  m - a lichen corpse
 Scrolls  ('?')
  n - a scroll of identify
  k - a scroll of magic mapping
 Spellbooks  ('+')
  h - a spellbook of extra healing
  g - a spellbook of light
 Potions  ('!')
  q - a blessed potion of booze
  d - 4 potions of holy water
 Wands    ('/')
  r - a wand of digging (0:6)
 Tools    ('(')
  i - a magic marker (0:21)
  s - a cursed magic marker (0:48)

Eymerich the Priest's attributes:

Background:
 You were an Aspirant, a level 1 elven Priest.
 You were chaotic, on a mission for Offler
 who was opposed by Blind Io (lawful) and The Lady (neutral).
 You were right-handed.
 You were in the Gnomish Mines, on level 3.
 You entered the dungeon 822 turns ago.
 There was a full moon in effect when your adventure ended.
 You had 15 experience points, 5 more were needed to attain level 2.

Basics:
 You had 0 out of 13 hit points.
 You had all 9 energy points (spell power).
 Your armor class was 7.
 Your wallet contained 36 zorkmids.
 Autopickup was off.

Final Characteristics:
 Your strength was 11 (limit:18).
 Your dexterity was 9 (limit:18).
 Your constitution was 16 (limit:16).
 Your intelligence was 9 (limit:20).
 Your wisdom was 17 (peak:18, limit:20).
 Your charisma was 12 (limit:18).

Final Status:
 You weren't hungry.
 You were unencumbered.
 You were wielding a mace.
 You had basic skill with mace.

Final Attributes:
 You were fervently aligned.
 You had infravision.
 You were guarded.
 Your spell casting was enhanced by wearing a robe.
 You were lucky.
 You are dead.

Miscellaneous:
 You didn't encounter any bones levels.
 Total elapsed playing time was 23 minutes and 35 seconds.

Major events:
 Turn
    1: Eymerich the chaotic elven Priest entered the dungeon
  750: entered the Gnomish Mines
  822: killed by a gnome lord

Spells:
 Name                 Level Category     Fail Retention
 light                  1   clerical       0%  91%-100%
 extra healing          3   healing       90%  76%-100%

Skills:
 Fighting Skills
   bare handed combat [Unskilled]
 Weapon Skills
   club               [Unskilled]
   mace               [Basic]
   morning star       [Unskilled]
   flail              [Unskilled]
   hammer             [Unskilled]
   quarterstaff       [Unskilled]
   polearms           [Unskilled]
   spear              [Unskilled]
   trident            [Unskilled]
   lance              [Unskilled]
   bow                [Unskilled]
   sling              [Unskilled]
   crossbow           [Unskilled]
   dart               [Unskilled]
   shuriken           [Unskilled]
   boomerang          [Unskilled]
   unicorn horn       [Unskilled]
 Spellcasting Skills
   healing spells     [Unskilled]
   divination spells  [Unskilled]
   clerical spells    [Basic]

Voluntary challenges:
 Character rerolling was not enabled.
 You were an atheist.
 You were illiterate.
 You never genocided any monsters.
 You never polymorphed an object.
 You never changed form.
 You used no wishes.
Achievement:
 You entered the Gnomish Mines.

 The Dungeons of Doom: levels 1 to 3
    Level 1: "vault"
    Level 2:
       An altar, a fountain.
       Stairs down to The Gnomish Mines.
    Level 3:
 The Gnomish Mines:
    Level 3: <- You were here.
       Final resting place for
          you, killed by a gnome lord.


Vanquished creatures:
  a gnome
  2 jackals
  a kobold
  a goblin
  3 sewer rats
  a grid bug
  3 lichens
  2 kobold zombies
  2 newts
16 creatures vanquished.

No species were genocided or became extinct.

Game over:
                       ----------
                      /          \
                     /    REST    \
                    /      IN      \
                   /     PEACE      \
                  /                  \
                  |     Eymerich     |
                  |      36 Au       |
                  |   killed by a    |
                  |    gnome lord    |
                  |                  |
                  |                  |
                  |       2026       |
                 *|     *  *  *      | *
        _________)/\\_//(\/(/\)/\//\/|_)_______

Goodbye Eymerich the Priest...

You died in The Gnomish Mines on dungeon level 3 with 203 points,
and 36 pieces of gold, after 822 moves.
You were level 1 with a maximum of 13 hit points when you died.

